Avalanche vs Capitals

Created - 12 décembre 2019 at 08:45

Goals
1 2 3 T
Avalanche 0 1 1 2
Capitals 1 3 3 7
Shots
1 2 3 T
Avalanche 13 12 12 37
Capitals 6 18 15 39

1st period

1. Capitals , Tomas Tatar 11 (Claude Giroux 19, Brady Skjei 4) at 2:16

Penalties :
No Penalty

2nd period

2. Avalanche , Johnny Gaudreau 13 (Aleksander Barkov 22, Pavel Buchnevich 7) at 4:26 (PP)
3. Capitals , Darren Helm 4 (Valtteri Filppula 4, Josh Bailey 7) at 6:47
4. Capitals , Valtteri Filppula 6 (Darren Helm 5, Tyler Pitlick 1) at 16:36
5. Capitals , Brock Nelson 6 (Oliver Ekman-Larsson 10, Claude Giroux 20) at 17:44

Penalties :
Damon Severson (WAS) for Roughing (Minor) at 3:25

3rd period

6. Capitals , Tomas Tatar 12 (Claude Giroux 21, Brock Nelson 16) at 3:59 (PP)
7. Avalanche , Johnny Gaudreau 14 (Aleksander Barkov 23, Eric Fehr 3) at 5:15
8. Capitals , Jake Guentzel 6 (Claude Giroux 22, Darren Helm 6) at 13:10
9. Capitals , Darren Helm 5 (Oliver Ekman-Larsson 11) at 16:04

Penalties :
Robert Bortuzzo (COL) for Holding (Minor) at 3:18, Claude Giroux (WAS) for Holding (Minor) at 10:33

Goalie Stats

Brian Elliott (COL), 32 saves from 39 shots - (0,821), L, 2-3-0, 60:00 minutes
Antti Raanta (WAS), 35 saves from 37 shots - (0,946), W, 6-14-3, 60:00 minutes

Players Stats for Avalanche

Player Name              G  A  P  +/- PIM S  H  SB GA TA FO     MP     PP MP  PK MP  
------------------------------------------------------------------------------------
Aleksander Barkov        0  2  2  -1  0   2  0  1  1  0  15/20  20:06   1:45   0:00 
Anthony Duclair          0  0  0  -1  0   2  1  0  0  0  0/0    16:14   0:00   0:00 
Calvin de Haan           0  0  0  -1  0   2  1  2  0  2  0/0    18:46   0:00   0:20 
Cedric Paquette          0  0  0  -2  0   2  5  1  0  0  9/22   14:20   0:19   0:41 
Eric Fehr                0  1  1  -1  0   1  2  0  0  0  0/0     9:04   0:00   0:41 
Jaccob Slavin            0  0  0  -3  0   3  0  2  0  1  0/0    23:21   1:17   0:21 
Jay Bouwmeester          0  0  0  -2  0   1  0  0  0  5  0/0    22:21   1:17   0:21 
Johnny Gaudreau          2  0  2  -1  0   9  1  0  1  0  0/0    20:06   1:45   0:00 
Jujhar Khaira            0  0  0  -1  0   2  0  1  1  0  0/0     8:23   0:00   0:00 
Mark Giordano            0  0  0  -1  0   2  1  2  1  1  0/0    20:29   1:43   0:20 
Mark Jankowski           0  0  0  -1  0   1  0  0  0  0  2/4     8:23   0:00   0:00 
Mark Stone               0  0  0  -1  0   1  2  0  0  0  0/0    19:37   1:15   0:00 
Mattias Ekholm           0  0  0  -2  0   0  2  0  0  0  0/0    18:53   1:43   0:00 
Nikita Kucherov          0  0  0  -1  0   5  0  0  5  1  0/0    17:17   1:03   0:00 
Pavel Buchnevich         0  1  1  -2  0   1  2  1  1  1  1/1    15:18   1:57   0:00 
Robert Bortuzzo          0  0  0  -1  2   1  2  0  0  1  0/0    16:09   0:00   0:00 
Sean Couturier           0  0  0  -1  0   2  2  1  0  0  12/20  17:11   0:56   0:00 
Zack Kassian             0  0  0  -2  0   0  2  0  0  1  0/0    13:20   0:00   0:00 

Players Stats for Capitals

Player Name              G  A  P  +/- PIM S  H  SB GA TA FO     MP     PP MP  PK MP  
------------------------------------------------------------------------------------
Anton Stralman           0  0  0   0  0   1  1  0  0  0  0/0    12:10   0:00   0:09 
Ben Chiarot              0  0  0   0  0   0  2  1  0  0  0/0    12:21   0:00   0:20 
Brady Skjei              0  1  1   2  0   1  2  2  1  0  0/0    18:14   0:00   0:48 
Brock Nelson             1  1  2   2  0   3  1  2  1  0  1/3    20:26   0:41   1:37 
Claude Giroux            0  4  4   2  2   8  3  0  2  0  16/35  24:07   0:41   0:38 
Damon Severson           0  0  0   3  2   0  0  2  1  3  0/0    28:43   0:41   1:11 
Darren Helm              2  2  4   4  0   4  0  0  1  0  0/2    15:54   0:00   0:20 
Derek Grant              0  0  0   0  0   0  0  0  0  0  0/0     0:59   0:00   0:00 
Elias Pettersson         0  0  0   0  0   1  1  0  0  1  0/0    18:44   0:00   1:09 
Ian Cole                 0  0  0   2  0   1  1  3  0  0  0/0    18:46   0:00   1:20 
Jake Guentzel            1  0  1   1  0   3  1  1  2  0  5/14   18:30   0:00   0:17 
Joel Eriksson Ek         0  0  0  -1  0   2  0  0  0  0  0/0     5:53   0:00   0:51 
Josh Bailey              0  1  1   0  0   3  1  1  0  0  1/1    17:35   0:00   0:00 
Oliver Ekman-Larsson     0  2  2   3  0   2  4  2  2  3  0/0    29:45   0:41   2:12 
Riley Sheahan            0  0  0  -1  0   0  0  0  0  0  2/4     6:10   0:00   1:08 
Tomas Tatar              2  0  2   2  0   7  2  1  2  0  0/2    18:49   0:41   0:00 
Tyler Pitlick            0  1  1   3  0   0  0  1  0  1  0/0    14:56   0:00   0:00 
Valtteri Filppula        1  1  2   3  0   3  0  0  1  2  3/6    14:56   0:00   0:00 

3 Stars

1 - Darren Helm (WAS)
2 - Tomas Tatar (WAS)
3 - Claude Giroux (WAS)

Power Play

Avalanche - 1 on 2 Attempt(s) - 50,00%
Capitals - 1 on 1 Attempt(s) - 100,00%

Penalty Kill

Avalanche - 0 on 1 Attempt(s) - 0,00% - Score 0 goal in Penalty Kill
Capitals - 1 on 2 Attempt(s) - 50,00% - Score 0 goal in Penalty Kill

Team Stat

Avalanche - Hits : 23 - Faceoff Wins : 39 - Blocked Shots : 11 - Penalty Minutes : 2
Capitals - Hits : 19 - Faceoff Wins : 28 - Blocked Shots : 16 - Penalty Minutes : 4

Official

Referees : Dave Jackson and Justin StPierre
Linesman : Bryan Pancich and Kiel Murchison

Game Notes

18:22 of 2nd period - Avalanche goal is going for a video replay. After video review, No Goal. The puck has been directed, batted or thrown into the net by an attacking player other than with a stick.

Finance

Level 1 -- Attendance: 4379 (72,98%) -- Ticket Income 437 900 $
Level 2 -- Attendance: 3505 (70,10%) -- Ticket Income 245 350 $
Level 3 -- Attendance: 1555 (77,75%) -- Ticket Income 65 310 $
Level 4 -- Attendance: 2652 (66,30%) -- Ticket Income 66 300 $
Luxury Box -- Attendance: 754 (75,40%) -- Ticket Income 147 030 $
Game was played at the Washington Arena.
Total Attendance: 12845 (71,36%)
Total Ticket Income: 961 890 $
Other Income: 471 326 $
Total Income: 1 433 216 $

Avalanche

5 vs 5 Forward 
   Center                   Left Wing                Right Wing               Time % Phy DF OF 
 1 Aleksander Barkov        Johnny Gaudreau          Mark Stone               33     0   2  3  
 2 Sean Couturier           Anthony Duclair          Nikita Kucherov          32     0   2  3  
 3 Cedric Paquette          Pavel Buchnevich         Zack Kassian             27     1   2  2  
 4 Mark Jankowski           Jujhar Khaira            Eric Fehr                8      1   2  2  

5 vs 5 Defense 
   Defense                  Defense                                           Time % Phy DF OF 
 1 Mark Giordano            Calvin de Haan                                    33     1   2  2  
 2 Mattias Ekholm           Jaccob Slavin                                     32     0   3  2  
 3 Jay Bouwmeester          Robert Bortuzzo                                   27     0   3  2  
 4 Jay Bouwmeester          Jaccob Slavin                                     8      0   3  2  

PowerPlay Forward 
   Center                   Left Wing                Right Wing               Time % Phy DF OF 
 1 Aleksander Barkov        Johnny Gaudreau          Nikita Kucherov          51     0   1  4  
 2 Sean Couturier           Pavel Buchnevich         Mark Stone               49     0   2  3  

PowerPlay Defense
   Defense                  Defense                                           Time % Phy DF OF 
 1 Mattias Ekholm           Mark Giordano                                     51     0   3  2  
 2 Jaccob Slavin            Jay Bouwmeester                                   49     0   3  2  

Penalty Kill 4 Players Forward 
   Center                   Wing                     Time % Phy DF OF 
 1 Cedric Paquette          Eric Fehr                60     0   3  2  
 2 Aleksander Barkov        Mark Jankowski           40     0   3  2  

Penalty Kill 4 Players Defense
   Defense                  Defense                  Time % Phy DF OF 
 1 Mark Giordano            Calvin de Haan           60     0   3  2  
 2 Jaccob Slavin            Jay Bouwmeester          40     0   3  2  

Penalty Kill - 3 Players Forward 
   Forward                                           Time % Phy DF OF 
 1 Cedric Paquette                                   60     0   4  1  
 2 Aleksander Barkov                                 40     0   4  1  

Penalty Kill - 3 Players Defense
   Defense                  Defense                  Time % Phy DF OF 
 1 Calvin de Haan           Mattias Ekholm           60     0   4  1  
 2 Jaccob Slavin            Jay Bouwmeester          40     0   4  1  

4 vs 4 Forward 
   Center                   Wing                     Time % Phy DF OF 
 1 Aleksander Barkov        Anthony Duclair          55     0   2  3  
 2 Sean Couturier           Pavel Buchnevich         45     0   2  3  

4 vs 4 Defense
   Defense                  Defense                  Time % Phy DF OF 
 1 Mark Giordano            Mattias Ekholm           55     0   3  2  
 2 Jaccob Slavin            Jay Bouwmeester          45     0   3  2  

Last Minutes Offensive
   Center                   Left Wing                Right Wing               Defense                  Defense                  
   Aleksander Barkov        Johnny Gaudreau          Nikita Kucherov          Mark Giordano            Calvin de Haan           

Last Minutes Defensive
   Center                   Left Wing                Right Wing               Defense                  Defense                  
   Sean Couturier           Eric Fehr                Mark Stone               Jaccob Slavin            Jay Bouwmeester          

Goaltenders
Starting : Brian Elliott            
Backup : Pekka Rinne              

Extra Forwards
Normal : Sean Couturier, Aleksander Barkov, Nikita Kucherov - PP : Pavel Buchnevich, Cedric Paquette - PK : Mark Stone
Extra Defensemen
Normal : Jay Bouwmeester, Jaccob Slavin, Mark Giordano - PP : Robert Bortuzzo - PK : Jay Bouwmeester, Jaccob Slavin
Penalty Shots
Aleksander Barkov, Anthony Duclair, Mark Giordano, Calvin de Haan, Nikita Kucherov
Custom OT Lines Forwards
Aleksander Barkov, Nikita Kucherov, Sean Couturier, Mark Stone, Cedric Paquette, Mark Jankowski, Johnny Gaudreau, Pavel Buchnevich, Zack Kassian, Anthony Duclair
Custom OT Lines Defensemen
Mark Giordano, Mattias Ekholm, Jaccob Slavin, Jay Bouwmeester, Calvin de Haan

Scratches
Braydon Coburn (Healthy), Marc Methot (Healthy)

Capitals

5 vs 5 Forward 
   Center                   Left Wing                Right Wing               Time % Phy DF OF 
 1 Claude Giroux            Brock Nelson             Tomas Tatar              40     1   2  2  
 2 Jake Guentzel            Elias Pettersson         Josh Bailey              30     1   2  2  
 3 Valtteri Filppula        Darren Helm              Tyler Pitlick            20     1   2  2  
 4 Riley Sheahan            Joel Eriksson Ek         Claude Giroux            10     1   2  2  

5 vs 5 Defense 
   Defense                  Defense                                           Time % Phy DF OF 
 1 Damon Severson           Oliver Ekman-Larsson                              40     1   2  2  
 2 Ian Cole                 Brady Skjei                                       30     1   2  2  
 3 Anton Stralman           Ben Chiarot                                       20     1   2  2  
 4 Damon Severson           Oliver Ekman-Larsson                              10     1   2  2  

PowerPlay Forward 
   Center                   Left Wing                Right Wing               Time % Phy DF OF 
 1 Claude Giroux            Brock Nelson             Tomas Tatar              60     1   2  2  
 2 Jake Guentzel            Elias Pettersson         Josh Bailey              40     1   2  2  

PowerPlay Defense
   Defense                  Defense                                           Time % Phy DF OF 
 1 Damon Severson           Oliver Ekman-Larsson                              60     1   2  2  
 2 Ian Cole                 Brady Skjei                                       40     1   2  2  

Penalty Kill 4 Players Forward 
   Center                   Wing                     Time % Phy DF OF 
 1 Claude Giroux            Brock Nelson             60     1   2  2  
 2 Elias Pettersson         Jake Guentzel            40     1   2  2  

Penalty Kill 4 Players Defense
   Defense                  Defense                  Time % Phy DF OF 
 1 Damon Severson           Oliver Ekman-Larsson     60     1   2  2  
 2 Ian Cole                 Brady Skjei              40     1   2  2  

Penalty Kill - 3 Players Forward 
   Forward                                           Time % Phy DF OF 
 1 Claude Giroux                                     60     1   2  2  
 2 Brock Nelson                                      40     1   2  2  

Penalty Kill - 3 Players Defense
   Defense                  Defense                  Time % Phy DF OF 
 1 Damon Severson           Oliver Ekman-Larsson     60     1   2  2  
 2 Ian Cole                 Brady Skjei              40     1   2  2  

4 vs 4 Forward 
   Center                   Wing                     Time % Phy DF OF 
 1 Claude Giroux            Brock Nelson             60     1   2  2  
 2 Elias Pettersson         Jake Guentzel            40     1   2  2  

4 vs 4 Defense
   Defense                  Defense                  Time % Phy DF OF 
 1 Damon Severson           Oliver Ekman-Larsson     60     1   2  2  
 2 Ian Cole                 Brady Skjei              40     1   2  2  

Last Minutes Offensive
   Center                   Left Wing                Right Wing               Defense                  Defense                  
   Claude Giroux            Brock Nelson             Tomas Tatar              Damon Severson           Oliver Ekman-Larsson     

Last Minutes Defensive
   Center                   Left Wing                Right Wing               Defense                  Defense                  
   Claude Giroux            Brock Nelson             Tomas Tatar              Damon Severson           Oliver Ekman-Larsson     

Goaltenders
Starting : Antti Raanta             
Backup : Samuel Montembeault      

Extra Forwards
Normal : Derek Grant, Valtteri Filppula, Riley Sheahan - PP : Derek Grant, Valtteri Filppula - PK : Riley Sheahan
Extra Defensemen
Normal : Anton Stralman, Ben Chiarot, Ian Cole - PP : Anton Stralman - PK : Ben Chiarot, Ian Cole
Penalty Shots
Claude Giroux, Brock Nelson, Elias Pettersson, Jake Guentzel, Tomas Tatar
Custom OT Lines Forwards
Claude Giroux, Brock Nelson, Elias Pettersson, Jake Guentzel, Tomas Tatar, Josh Bailey, Valtteri Filppula, Riley Sheahan, Darren Helm, Tyler Pitlick
Custom OT Lines Defensemen
Damon Severson, Oliver Ekman-Larsson, Ian Cole, Brady Skjei, Anton Stralman

Scratches
Zach Bogosian (Bruised Right Foot Injury)

% Time on Ice - Avalanche

Lines # - Real PCT - Wanted PCT - Time Play
Normal Forward
1 - 33% - 33% - 18:21
2 - 29% - 32% - 16:15
3 - 24% - 27% - 13:20
4 - 15% - 8% - 8:23
Normal Defense
1 - 33% - 33% - 18:26
2 - 32% - 32% - 17:48
3 - 29% - 27% - 16:10
4 - 7% - 8% - 3:55
PP Forward
1 - 58% - 51% - 1:45
2 - 42% - 49% - 1:15
PP Defense
1 - 57% - 51% - 1:43
2 - 43% - 49% - 1:17
PK Forward
1 - 100% - 60% - 0:41
2 - 0% - 40% - 0:00
PK Defense
1 - 49% - 60% - 0:20
2 - 51% - 40% - 0:21
PK3 Forward
1 - 0% - 60%
2 - 0% - 40%
PK3 Defense
1 - 0% - 60%
2 - 0% - 40%
44 Forward
1 - 0% - 55%
2 - 0% - 45%
44 Defense
1 - 0% - 55%
2 - 0% - 45%
Last Minute Offensive  - 0:00
Last Minute Defensive  - 0:00
Total
Forward - 60:00
Defense - 60:00

% Time on Ice - Capitals

Lines # - Real PCT - Wanted PCT - Time Play
Normal Forward
1 - 33% - 40% - 18:46
2 - 31% - 30% - 17:35
3 - 27% - 20% - 14:56
4 - 9% - 10% - 5:02
Normal Defense
1 - 41% - 40% - 22:58
2 - 31% - 30% - 17:26
3 - 21% - 20% - 12:01
4 - 7% - 10% - 3:54
PP Forward
1 - 100% - 60% - 0:41
2 - 0% - 40% - 0:00
PP Defense
1 - 100% - 60% - 0:41
2 - 0% - 40% - 0:00
PK Forward
1 - 98% - 60% - 2:57
2 - 2% - 40% - 0:03
PK Defense
1 - 73% - 60% - 2:12
2 - 27% - 40% - 0:48
PK3 Forward
1 - 0% - 60%
2 - 0% - 40%
PK3 Defense
1 - 0% - 60%
2 - 0% - 40%
44 Forward
1 - 0% - 60%
2 - 0% - 40%
44 Defense
1 - 0% - 60%
2 - 0% - 40%
Last Minute Offensive  - 0:00
Last Minute Defensive  - 0:00
Total
Forward - 60:00
Defense - 60:00

Play-by-Play

1st period


0:01 of 1st period - Aleksander Barkov wins face-off versus Claude Giroux in neutral zone.
0:26 of 1st period - Sean Couturier is hit by Oliver Ekman-Larsson and loses puck.
0:52 of 1st period - Slapshot by Pavel Buchnevich.
0:52 of 1st period - Stopped by Antti Raanta with a rebound.
1:27 of 1st period - Aleksander Barkov is hit by Brady Skjei and loses puck.
1:44 of 1st period - Snap shot by Sean Couturier.
1:44 of 1st period - Shot Misses the Net.
1:46 of 1st period - Snap shot by Nikita Kucherov.
1:46 of 1st period - Stopped by Antti Raanta without a rebound.
1:47 of 1st period - Sean Couturier wins face-off versus Valtteri Filppula in Capitals zone.
1:48 of 1st period - Snap shot by Nikita Kucherov.
1:48 of 1st period - Stopped by Antti Raanta without a rebound.
1:49 of 1st period - Valtteri Filppula wins face-off versus Sean Couturier in Capitals zone.
2:16 of 1st period - Slapshot by Tomas Tatar.
2:16 of 1st period - Goal by Tomas Tatar - Avalanche : 0 - Capitals : 1.
2:17 of 1st period - Jake Guentzel wins face-off versus Cedric Paquette in neutral zone.
2:54 of 1st period - Wrist shot by Tomas Tatar.
2:54 of 1st period - Stopped by Brian Elliott without a rebound.
2:55 of 1st period - Aleksander Barkov wins face-off versus Claude Giroux in Avalanche zone.
3:36 of 1st period - Aleksander Barkov is hit by Brock Nelson and loses puck.
3:42 of 1st period - Off-side.
3:43 of 1st period - Cedric Paquette wins face-off versus Jake Guentzel in neutral zone.
4:10 of 1st period - Darren Helm is hit by Eric Fehr and loses puck.
4:16 of 1st period - Off-side.
4:17 of 1st period - Mark Jankowski wins face-off versus Valtteri Filppula in neutral zone.
5:09 of 1st period - Jujhar Khaira is hit by Oliver Ekman-Larsson and loses puck.
5:55 of 1st period - Slapshot by Jujhar Khaira.
5:55 of 1st period - Stopped by Antti Raanta without a rebound.
5:56 of 1st period - Claude Giroux wins face-off versus Sean Couturier in Capitals zone.
5:56 of 1st period - Claude Giroux is hit by Sean Couturier.
6:22 of 1st period - Zack Kassian is hit by Oliver Ekman-Larsson and loses puck.
6:51 of 1st period - Snap shot by Claude Giroux.
6:51 of 1st period - Stopped by Brian Elliott without a rebound.
6:52 of 1st period - Sean Couturier wins face-off versus Jake Guentzel in Avalanche zone.
7:03 of 1st period - Snap shot by Nikita Kucherov.
7:03 of 1st period - Shot Misses the Net.
7:05 of 1st period - Snap shot by Robert Bortuzzo.
7:05 of 1st period - Shot Misses the Net.
7:51 of 1st period - Wrist shot by Pavel Buchnevich.
7:51 of 1st period - Shot Blocked by Ian Cole.
8:03 of 1st period - Ian Cole is hit by Mattias Ekholm and loses puck.
9:32 of 1st period - Slapshot by Nikita Kucherov.
9:32 of 1st period - Shot Misses the Net.
9:38 of 1st period - Jay Bouwmeester is hit by Tomas Tatar and loses puck.
9:55 of 1st period - Wrist shot by Johnny Gaudreau.
9:55 of 1st period - Shot Misses the Net.
9:57 of 1st period - Wrist shot by Jay Bouwmeester.
9:57 of 1st period - Shot Blocked by Josh Bailey.
9:59 of 1st period - Snap shot by Aleksander Barkov.
9:59 of 1st period - Stopped by Antti Raanta with a rebound.
10:08 of 1st period - Icing by Brady Skjei.
10:09 of 1st period - Jake Guentzel wins face-off versus Cedric Paquette in Capitals zone.
11:11 of 1st period - Off-side.
11:12 of 1st period - Claude Giroux wins face-off versus Mark Jankowski in neutral zone.
11:48 of 1st period - Claude Giroux is hit by Zack Kassian and loses puck.
12:04 of 1st period - Claude Giroux is hit by Anthony Duclair and loses puck.
12:22 of 1st period - Oliver Ekman-Larsson is hit by Calvin de Haan and loses puck.
12:49 of 1st period - Snap shot by Zack Kassian.
12:49 of 1st period - Shot Misses the Net.
12:51 of 1st period - Slapshot by Cedric Paquette.
12:51 of 1st period - Stopped by Antti Raanta without a rebound.
12:52 of 1st period - Sean Couturier wins face-off versus Jake Guentzel in Capitals zone.
13:08 of 1st period - Icing by Sean Couturier.
13:09 of 1st period - Valtteri Filppula wins face-off versus Sean Couturier in Avalanche zone.
13:36 of 1st period - Slapshot by Sean Couturier.
13:36 of 1st period - Stopped by Antti Raanta with a rebound.
13:38 of 1st period - Wrist shot by Anthony Duclair.
13:38 of 1st period - Shot Blocked by Brady Skjei.
13:40 of 1st period - Snap shot by Sean Couturier.
13:40 of 1st period - Deflect By Anthony Duclair.
13:40 of 1st period - Stopped by Antti Raanta with a rebound.
13:42 of 1st period - Slapshot by Robert Bortuzzo.
13:42 of 1st period - Shot Blocked by Ian Cole.
13:44 of 1st period - Snap shot by Robert Bortuzzo.
13:44 of 1st period - Deflect By Tyler Pitlick.
13:44 of 1st period - Stopped by Antti Raanta without a rebound.
13:45 of 1st period - Jake Guentzel wins face-off versus Aleksander Barkov in Capitals zone.
14:21 of 1st period - Slapshot by Elias Pettersson.
14:21 of 1st period - Shot Blocked by Jaccob Slavin.
14:57 of 1st period - Snap shot by Mark Stone.
14:57 of 1st period - Shot Misses the Net.
14:59 of 1st period - Slapshot by Aleksander Barkov.
14:59 of 1st period - Shot Misses the Net.
16:27 of 1st period - Johnny Gaudreau is hit by Jake Guentzel.
16:58 of 1st period - Wrist shot by Aleksander Barkov.
16:58 of 1st period - Shot Blocked by Damon Severson.
17:00 of 1st period - Wrist shot by Aleksander Barkov.
17:00 of 1st period - Shot Misses the Net.
17:02 of 1st period - Snap shot by Johnny Gaudreau.
17:02 of 1st period - Stopped by Antti Raanta with a rebound.
17:12 of 1st period - Snap shot by Johnny Gaudreau.
17:12 of 1st period - Stopped by Antti Raanta with a rebound.
17:14 of 1st period - Wrist shot by Jaccob Slavin.
17:14 of 1st period - Stopped by Antti Raanta with a rebound.
17:26 of 1st period - Snap shot by Johnny Gaudreau.
17:26 of 1st period - Stopped by Antti Raanta without a rebound.
17:27 of 1st period - Cedric Paquette wins face-off versus Claude Giroux in Capitals zone.
17:28 of 1st period - Wrist shot by Pavel Buchnevich.
17:28 of 1st period - Shot Misses the Net.
17:42 of 1st period - Snap shot by Tomas Tatar.
17:42 of 1st period - Stopped by Brian Elliott with a rebound.
18:23 of 1st period - Snap shot by Joel Eriksson Ek.
18:23 of 1st period - Stopped by Brian Elliott with a rebound.
18:25 of 1st period - Slapshot by Brady Skjei.
18:25 of 1st period - Deflect By Claude Giroux.
18:25 of 1st period - Shot Misses the Net.
18:25 of 1st period - Puck is out of play.
18:26 of 1st period - Cedric Paquette wins face-off versus Brock Nelson in Avalanche zone.
18:30 of 1st period - Off-side.
18:31 of 1st period - Claude Giroux wins face-off versus Cedric Paquette in neutral zone.
18:46 of 1st period - Snap shot by Brock Nelson.
18:46 of 1st period - Stopped by Brian Elliott with a rebound.
19:00 of 1st period - Snap shot by Valtteri Filppula.
19:00 of 1st period - Deflect By Sean Couturier.
19:00 of 1st period - Shot Misses the Net.
19:00 of 1st period - Puck is out of play.
19:01 of 1st period - Sean Couturier wins face-off versus Claude Giroux in Avalanche zone.
19:01 of 1st period - Sean Couturier is hit by Tomas Tatar.
19:25 of 1st period - Snap shot by Sean Couturier.
19:25 of 1st period - Deflect By Claude Giroux.
19:25 of 1st period - Shot Misses the Net.
19:25 of 1st period - Puck is out of play.
19:26 of 1st period - Cedric Paquette wins face-off versus Valtteri Filppula in Capitals zone.
Goals for this period are 0 for Avalanche vs 1 for Capitals.
Shots for this period are 13 for Avalanche vs 6 for Capitals.

2nd period


0:01 of 2nd period - Brock Nelson wins face-off versus Sean Couturier in neutral zone.
0:49 of 2nd period - Snap shot by Josh Bailey.
0:49 of 2nd period - Stopped by Brian Elliott with a rebound.
0:51 of 2nd period - Slapshot by Anton Stralman.
0:51 of 2nd period - Stopped by Brian Elliott without a rebound.
0:52 of 2nd period - Cedric Paquette wins face-off versus Claude Giroux in Avalanche zone.
1:01 of 2nd period - Slapshot by Brock Nelson.
1:01 of 2nd period - Shot Misses the Net.
1:03 of 2nd period - Snap shot by Claude Giroux.
1:03 of 2nd period - Stopped by Brian Elliott with a rebound.
1:05 of 2nd period - Slapshot by Brock Nelson.
1:05 of 2nd period - Shot Blocked by Calvin de Haan.
1:22 of 2nd period - Icing by Anton Stralman.
1:23 of 2nd period - Valtteri Filppula wins face-off versus Sean Couturier in Capitals zone.
2:17 of 2nd period - Snap shot by Nikita Kucherov.
2:17 of 2nd period - Shot Misses the Net.
3:03 of 2nd period - Slapshot by Valtteri Filppula.
3:03 of 2nd period - Stopped by Brian Elliott without a rebound.
3:04 of 2nd period - Claude Giroux wins face-off versus Cedric Paquette in Avalanche zone.
3:05 of 2nd period - Snap shot by Tomas Tatar.
3:05 of 2nd period - Shot Blocked by Pavel Buchnevich.
3:25 of 2nd period - Minor Penalty to Damon Severson for Roughing.
3:26 of 2nd period - Claude Giroux wins face-off versus Cedric Paquette in Capitals zone.
3:26 of 2nd period - Claude Giroux is hit by Pavel Buchnevich.
4:10 of 2nd period - Johnny Gaudreau is hit by Ben Chiarot and loses puck.
4:26 of 2nd period - Slapshot by Johnny Gaudreau.
4:26 of 2nd period - Goal by Johnny Gaudreau - Avalanche : 1 - Capitals : 1.
4:27 of 2nd period - Sean Couturier wins face-off versus Claude Giroux in neutral zone.
4:32 of 2nd period - Wrist shot by Sean Couturier.
4:32 of 2nd period - Shot Misses the Net.
6:45 of 2nd period - Wrist shot by Valtteri Filppula.
6:45 of 2nd period - Shot Misses the Net.
6:47 of 2nd period - Wrist shot by Darren Helm.
6:47 of 2nd period - Goal by Darren Helm - Avalanche : 1 - Capitals : 2.
6:48 of 2nd period - Claude Giroux wins face-off versus Cedric Paquette in neutral zone.
6:53 of 2nd period - Snap shot by Brock Nelson.
6:53 of 2nd period - Stopped by Brian Elliott without a rebound.
6:54 of 2nd period - Claude Giroux wins face-off versus Cedric Paquette in Avalanche zone.
6:59 of 2nd period - Snap shot by Tomas Tatar.
6:59 of 2nd period - Stopped by Brian Elliott without a rebound.
7:00 of 2nd period - Claude Giroux wins face-off versus Cedric Paquette in Avalanche zone.
7:03 of 2nd period - Wrist shot by Claude Giroux.
7:03 of 2nd period - Stopped by Brian Elliott with a rebound.
7:06 of 2nd period - Icing by Mark Giordano.
7:07 of 2nd period - Claude Giroux wins face-off versus Cedric Paquette in Avalanche zone.
7:14 of 2nd period - Wrist shot by Claude Giroux.
7:14 of 2nd period - Stopped by Brian Elliott with a rebound.
8:48 of 2nd period - Off-side.
8:49 of 2nd period - Aleksander Barkov wins face-off versus Claude Giroux in neutral zone.
9:21 of 2nd period - Icing by Jay Bouwmeester.
9:22 of 2nd period - Cedric Paquette wins face-off versus Jake Guentzel in Avalanche zone.
9:22 of 2nd period - Cedric Paquette is hit by Anton Stralman.
9:32 of 2nd period - Snap shot by Josh Bailey.
9:32 of 2nd period - Stopped by Brian Elliott without a rebound.
9:33 of 2nd period - Pavel Buchnevich wins face-off versus Claude Giroux in Avalanche zone.
9:53 of 2nd period - Mattias Ekholm is hit by Brady Skjei and loses puck.
11:41 of 2nd period - Slapshot by Sean Couturier.
11:41 of 2nd period - Stopped by Antti Raanta without a rebound.
11:42 of 2nd period - Jake Guentzel wins face-off versus Sean Couturier in Capitals zone.
11:42 of 2nd period - Jake Guentzel is hit by Robert Bortuzzo.
11:58 of 2nd period - Wrist shot by Jake Guentzel.
11:58 of 2nd period - Stopped by Brian Elliott with a rebound.
12:20 of 2nd period - Snap shot by Aleksander Barkov.
12:20 of 2nd period - Stopped by Antti Raanta without a rebound.
12:21 of 2nd period - Claude Giroux wins face-off versus Cedric Paquette in Capitals zone.
12:21 of 2nd period - Claude Giroux is hit by Cedric Paquette.
12:35 of 2nd period - Slapshot by Mark Giordano.
12:35 of 2nd period - Shot Misses the Net.
12:37 of 2nd period - Snap shot by Cedric Paquette.
12:37 of 2nd period - Stopped by Antti Raanta with a rebound.
12:47 of 2nd period - Sean Couturier is hit by Josh Bailey and loses puck.
12:52 of 2nd period - Slapshot by Elias Pettersson.
12:52 of 2nd period - Shot Blocked by Calvin de Haan.
12:54 of 2nd period - Wrist shot by Elias Pettersson.
12:54 of 2nd period - Shot Blocked by Mark Giordano.
12:56 of 2nd period - Snap shot by Jake Guentzel.
12:56 of 2nd period - Shot Blocked by Sean Couturier.
12:58 of 2nd period - Wrist shot by Elias Pettersson.
12:58 of 2nd period - Stopped by Brian Elliott without a rebound.
12:59 of 2nd period - Aleksander Barkov wins face-off versus Claude Giroux in Avalanche zone.
13:26 of 2nd period - Jake Guentzel is hit by Sean Couturier and loses puck.
13:33 of 2nd period - Snap shot by Nikita Kucherov.
13:33 of 2nd period - Shot Blocked by Oliver Ekman-Larsson.
13:52 of 2nd period - Darren Helm is hit by Pavel Buchnevich and loses puck.
14:29 of 2nd period - Wrist shot by Johnny Gaudreau.
14:29 of 2nd period - Shot Blocked by Ben Chiarot.
14:31 of 2nd period - Slapshot by Jaccob Slavin.
14:31 of 2nd period - Shot Misses the Net.
14:33 of 2nd period - Snap shot by Jay Bouwmeester.
14:33 of 2nd period - Deflect By Brock Nelson.
14:33 of 2nd period - Stopped by Antti Raanta without a rebound.
14:34 of 2nd period - Aleksander Barkov wins face-off versus Jake Guentzel in Capitals zone.
14:35 of 2nd period - Backhand shot by Johnny Gaudreau.
14:35 of 2nd period - Stopped by Antti Raanta with a rebound.
14:37 of 2nd period - Slapshot by Mark Giordano.
14:37 of 2nd period - Shot Misses the Net.
14:39 of 2nd period - Backhand shot by Mark Giordano.
14:39 of 2nd period - Shot Blocked by Jake Guentzel.
14:41 of 2nd period - Snap shot by Mark Stone.
14:41 of 2nd period - Deflect By Johnny Gaudreau.
14:41 of 2nd period - Shot Misses the Net.
14:41 of 2nd period - Puck is out of play.
14:42 of 2nd period - Aleksander Barkov wins face-off versus Jake Guentzel in Capitals zone.
14:49 of 2nd period - Snap shot by Johnny Gaudreau.
14:49 of 2nd period - Shot Misses the Net.
14:51 of 2nd period - Slapshot by Mark Giordano.
14:51 of 2nd period - Shot Blocked by Ian Cole.
14:53 of 2nd period - Wrist shot by Aleksander Barkov.
14:53 of 2nd period - Shot Misses the Net.
14:55 of 2nd period - Backhand shot by Mark Giordano.
14:55 of 2nd period - Shot Blocked by Brady Skjei.
14:57 of 2nd period - Backhand shot by Calvin de Haan.
14:57 of 2nd period - Shot Misses the Net.
14:59 of 2nd period - Slapshot by Mark Giordano.
14:59 of 2nd period - Stopped by Antti Raanta with a rebound.
15:01 of 2nd period - Wrist shot by Calvin de Haan.
15:01 of 2nd period - Stopped by Antti Raanta with a rebound.
15:03 of 2nd period - Slapshot by Calvin de Haan.
15:03 of 2nd period - Shot Misses the Net.
15:05 of 2nd period - Snap shot by Mark Stone.
15:05 of 2nd period - Stopped by Antti Raanta without a rebound.
15:06 of 2nd period - Sean Couturier wins face-off versus Brock Nelson in Capitals zone.
15:32 of 2nd period - Darren Helm is hit by Cedric Paquette and loses puck.
15:41 of 2nd period - Snap shot by Pavel Buchnevich.
15:41 of 2nd period - Shot Blocked by Tyler Pitlick.
16:34 of 2nd period - Slapshot by Darren Helm.
16:34 of 2nd period - Stopped by Brian Elliott with a rebound.
16:36 of 2nd period - Wrist shot by Valtteri Filppula.
16:36 of 2nd period - Goal by Valtteri Filppula - Avalanche : 1 - Capitals : 3.
16:37 of 2nd period - Sean Couturier wins face-off versus Claude Giroux in neutral zone.
16:43 of 2nd period - Icing by Claude Giroux.
16:44 of 2nd period - Sean Couturier wins face-off versus Claude Giroux in Capitals zone.
17:17 of 2nd period - Wrist shot by Elias Pettersson.
17:17 of 2nd period - Shot Blocked by Cedric Paquette.
17:19 of 2nd period - Snap shot by Josh Bailey.
17:19 of 2nd period - Stopped by Brian Elliott without a rebound.
17:20 of 2nd period - Claude Giroux wins face-off versus Aleksander Barkov in Avalanche zone.
17:30 of 2nd period - Icing by Mattias Ekholm.
17:31 of 2nd period - Aleksander Barkov wins face-off versus Claude Giroux in Avalanche zone.
17:36 of 2nd period - Damon Severson is hit by Johnny Gaudreau.
17:42 of 2nd period - Snap shot by Oliver Ekman-Larsson.
17:42 of 2nd period - Shot Blocked by Jaccob Slavin.
17:44 of 2nd period - Slapshot by Brock Nelson.
17:44 of 2nd period - Goal by Brock Nelson - Avalanche : 1 - Capitals : 4.
17:45 of 2nd period - Sean Couturier wins face-off versus Claude Giroux in neutral zone.
18:12 of 2nd period - Oliver Ekman-Larsson is hit by Zack Kassian.
18:18 of 2nd period - Snap shot by Pavel Buchnevich.
18:18 of 2nd period - Shot Misses the Net.
18:20 of 2nd period - Slapshot by Jaccob Slavin.
18:20 of 2nd period - Deflect By Elias Pettersson.
18:20 of 2nd period - Stopped by Antti Raanta with a rebound.
18:22 of 2nd period - Slapshot by Jaccob Slavin.
18:22 of 2nd period - Avalanche goal is going for a video replay.
18:22 of 2nd period - The goal is refused. The puck has been directed, batted or thrown into the net by an attacking player other than with a stick..
18:23 of 2nd period - Riley Sheahan wins face-off versus Aleksander Barkov in Capitals zone.
18:30 of 2nd period - Johnny Gaudreau is hit by Claude Giroux and loses puck.
18:37 of 2nd period - Wrist shot by Claude Giroux.
18:37 of 2nd period - Stopped by Brian Elliott with a rebound.
18:39 of 2nd period - Slapshot by Ben Chiarot.
18:39 of 2nd period - Shot Misses the Net.
18:49 of 2nd period - Anthony Duclair is hit by Ben Chiarot and loses puck.
19:20 of 2nd period - Slapshot by Mark Giordano.
19:20 of 2nd period - Stopped by Antti Raanta without a rebound.
19:21 of 2nd period - Claude Giroux wins face-off versus Aleksander Barkov in Capitals zone.
19:32 of 2nd period - Wrist shot by Claude Giroux.
19:32 of 2nd period - Shot Blocked by Mark Giordano.
19:34 of 2nd period - Wrist shot by Tomas Tatar.
19:34 of 2nd period - Stopped by Brian Elliott without a rebound.
19:35 of 2nd period - Claude Giroux wins face-off versus Sean Couturier in Avalanche zone.
Goals for this period are 1 for Avalanche vs 3 for Capitals.
Shots for this period are 12 for Avalanche vs 18 for Capitals.

3rd period


0:01 of 3rd period - Claude Giroux wins face-off versus Cedric Paquette in neutral zone.
0:23 of 3rd period - Icing by Damon Severson.
0:24 of 3rd period - Aleksander Barkov wins face-off versus Jake Guentzel in Capitals zone.
0:51 of 3rd period - Slapshot by Nikita Kucherov.
0:51 of 3rd period - Shot Blocked by Damon Severson.
0:53 of 3rd period - Snap shot by Nikita Kucherov.
0:53 of 3rd period - Shot Blocked by Brock Nelson.
0:55 of 3rd period - Snap shot by Calvin de Haan.
0:55 of 3rd period - Shot Blocked by Brock Nelson.
0:57 of 3rd period - Wrist shot by Anthony Duclair.
0:57 of 3rd period - Stopped by Antti Raanta with a rebound.
0:59 of 3rd period - Wrist shot by Calvin de Haan.
0:59 of 3rd period - Stopped by Antti Raanta without a rebound.
1:00 of 3rd period - Cedric Paquette wins face-off versus Claude Giroux in Capitals zone.
2:11 of 3rd period - Johnny Gaudreau is hit by Claude Giroux and loses puck.
2:19 of 3rd period - Off-side.
2:20 of 3rd period - Josh Bailey wins face-off versus Cedric Paquette in neutral zone.
2:35 of 3rd period - Wrist shot by Jake Guentzel.
2:35 of 3rd period - Deflect By Elias Pettersson.
2:35 of 3rd period - Shot Misses the Net.
2:35 of 3rd period - Puck is out of play.
2:36 of 3rd period - Aleksander Barkov wins face-off versus Claude Giroux in Avalanche zone.
3:18 of 3rd period - Minor Penalty to Robert Bortuzzo for Holding.
3:19 of 3rd period - Cedric Paquette wins face-off versus Tomas Tatar in Avalanche zone.
3:37 of 3rd period - Eric Fehr is hit by Oliver Ekman-Larsson and loses puck.
3:44 of 3rd period - Tomas Tatar is hit by Eric Fehr and loses puck.
3:59 of 3rd period - Wrist shot by Tomas Tatar.
3:59 of 3rd period - Goal by Tomas Tatar - Avalanche : 1 - Capitals : 5.
4:00 of 3rd period - Aleksander Barkov wins face-off versus Jake Guentzel in neutral zone.
4:03 of 3rd period - Ian Cole is hit by Mark Stone and loses puck.
4:31 of 3rd period - Backhand shot by Claude Giroux.
4:31 of 3rd period - Shot Misses the Net.
4:33 of 3rd period - Slapshot by Brady Skjei.
4:33 of 3rd period - Shot Misses the Net.
4:35 of 3rd period - Snap shot by Brady Skjei.
4:35 of 3rd period - Stopped by Brian Elliott with a rebound.
4:37 of 3rd period - Slapshot by Brock Nelson.
4:37 of 3rd period - Shot Misses the Net.
4:39 of 3rd period - Snap shot by Brock Nelson.
4:39 of 3rd period - Shot Misses the Net.
4:41 of 3rd period - Snap shot by Tomas Tatar.
4:41 of 3rd period - Stopped by Brian Elliott with a rebound.
5:01 of 3rd period - Damon Severson is hit by Cedric Paquette.
5:15 of 3rd period - Wrist shot by Johnny Gaudreau.
5:15 of 3rd period - Goal by Johnny Gaudreau - Avalanche : 2 - Capitals : 5.
5:16 of 3rd period - Claude Giroux wins face-off versus Cedric Paquette in neutral zone.
5:43 of 3rd period - Oliver Ekman-Larsson is hit by Mark Stone and loses puck.
6:33 of 3rd period - Snap shot by Claude Giroux.
6:33 of 3rd period - Stopped by Brian Elliott with a rebound.
6:35 of 3rd period - Snap shot by Joel Eriksson Ek.
6:35 of 3rd period - Stopped by Brian Elliott with a rebound.
6:45 of 3rd period - Calvin de Haan is hit by Elias Pettersson and loses puck.
7:00 of 3rd period - Snap shot by Darren Helm.
7:00 of 3rd period - Shot Misses the Net.
7:02 of 3rd period - Wrist shot by Valtteri Filppula.
7:02 of 3rd period - Stopped by Brian Elliott with a rebound.
7:04 of 3rd period - Snap shot by Valtteri Filppula.
7:04 of 3rd period - Shot Blocked by Jujhar Khaira.
8:01 of 3rd period - Snap shot by Johnny Gaudreau.
8:01 of 3rd period - Stopped by Antti Raanta with a rebound.
8:13 of 3rd period - Pavel Buchnevich is hit by Ian Cole.
9:27 of 3rd period - Ben Chiarot is hit by Robert Bortuzzo.
10:20 of 3rd period - Snap shot by Johnny Gaudreau.
10:20 of 3rd period - Shot Blocked by Oliver Ekman-Larsson.
10:22 of 3rd period - Slapshot by Mattias Ekholm.
10:22 of 3rd period - Deflect By Sean Couturier.
10:22 of 3rd period - Shot Misses the Net.
10:22 of 3rd period - Puck is out of play.
10:23 of 3rd period - Sean Couturier wins face-off versus Tomas Tatar in Capitals zone.
10:24 of 3rd period - Wrist shot by Nikita Kucherov.
10:24 of 3rd period - Stopped by Antti Raanta with a rebound.
10:26 of 3rd period - Slapshot by Calvin de Haan.
10:26 of 3rd period - Shot Blocked by Tomas Tatar.
10:33 of 3rd period - Minor Penalty to Claude Giroux for Holding.
10:34 of 3rd period - Aleksander Barkov wins face-off versus Riley Sheahan in Capitals zone.
10:36 of 3rd period - Snap shot by Nikita Kucherov.
10:36 of 3rd period - Stopped by Antti Raanta without a rebound.
10:37 of 3rd period - Aleksander Barkov wins face-off versus Riley Sheahan in Capitals zone.
10:50 of 3rd period - Damon Severson is hit by Mark Giordano.
12:26 of 3rd period - Icing by Pavel Buchnevich.
12:27 of 3rd period - Sean Couturier wins face-off versus Darren Helm in Avalanche zone.
12:33 of 3rd period - Penalty to Claude Giroux is over, Claude Giroux is back on ice.
12:38 of 3rd period - Backhand shot by Claude Giroux.
12:38 of 3rd period - Stopped by Brian Elliott with a rebound.
12:40 of 3rd period - Wrist shot by Ian Cole.
12:40 of 3rd period - Stopped by Brian Elliott with a rebound.
12:42 of 3rd period - Slapshot by Darren Helm.
12:42 of 3rd period - Stopped by Brian Elliott with a rebound.
12:44 of 3rd period - Wrist shot by Jake Guentzel.
12:44 of 3rd period - Stopped by Brian Elliott with a rebound.
13:10 of 3rd period - Snap shot by Jake Guentzel.
13:10 of 3rd period - Deflect By Eric Fehr.
13:10 of 3rd period - Goal by Jake Guentzel - Avalanche : 2 - Capitals : 6.
13:11 of 3rd period - Claude Giroux wins face-off versus Aleksander Barkov in neutral zone.
13:14 of 3rd period - Backhand shot by Damon Severson.
13:14 of 3rd period - Deflect By Claude Giroux.
13:14 of 3rd period - Stopped by Brian Elliott with a rebound.
13:25 of 3rd period - Off-side.
13:26 of 3rd period - Sean Couturier wins face-off versus Jake Guentzel in neutral zone.
14:18 of 3rd period - Off-side.
14:19 of 3rd period - Mark Jankowski wins face-off versus Darren Helm in neutral zone.
14:28 of 3rd period - Snap shot by Jujhar Khaira.
14:28 of 3rd period - Shot Misses the Net.
14:30 of 3rd period - Slapshot by Jujhar Khaira.
14:30 of 3rd period - Stopped by Antti Raanta without a rebound.
14:31 of 3rd period - Cedric Paquette wins face-off versus Claude Giroux in Capitals zone.
14:34 of 3rd period - Slapshot by Zack Kassian.
14:34 of 3rd period - Shot Misses the Net.
15:14 of 3rd period - Ian Cole is hit by Mattias Ekholm and loses puck.
15:27 of 3rd period - Slapshot by Darren Helm.
15:27 of 3rd period - Shot Blocked by Aleksander Barkov.
15:45 of 3rd period - Ian Cole is hit by Cedric Paquette and loses puck.
16:00 of 3rd period - Slapshot by Oliver Ekman-Larsson.
16:00 of 3rd period - Stopped by Brian Elliott with a rebound.
16:02 of 3rd period - Wrist shot by Darren Helm.
16:02 of 3rd period - Shot Misses the Net.
16:04 of 3rd period - Wrist shot by Darren Helm.
16:04 of 3rd period - Goal by Darren Helm - Avalanche : 2 - Capitals : 7.
16:05 of 3rd period - Aleksander Barkov wins face-off versus Claude Giroux in neutral zone.
16:38 of 3rd period - Icing by Mattias Ekholm.
16:39 of 3rd period - Jake Guentzel wins face-off versus Sean Couturier in Avalanche zone.
16:54 of 3rd period - Snap shot by Nikita Kucherov.
16:54 of 3rd period - Stopped by Antti Raanta without a rebound.
16:55 of 3rd period - Aleksander Barkov wins face-off versus Claude Giroux in Capitals zone.
17:04 of 3rd period - Calvin de Haan is hit by Claude Giroux and loses puck.
17:21 of 3rd period - Josh Bailey is hit by Cedric Paquette and loses puck.
18:07 of 3rd period - Snap shot by Mark Jankowski.
18:07 of 3rd period - Stopped by Antti Raanta without a rebound.
18:08 of 3rd period - Riley Sheahan wins face-off versus Mark Jankowski in Capitals zone.
18:19 of 3rd period - Wrist shot by Eric Fehr.
18:19 of 3rd period - Stopped by Antti Raanta without a rebound.
18:20 of 3rd period - Aleksander Barkov wins face-off versus Claude Giroux in Capitals zone.
18:50 of 3rd period - Snap shot by Oliver Ekman-Larsson.
18:50 of 3rd period - Stopped by Brian Elliott with a rebound.
19:34 of 3rd period - Snap shot by Aleksander Barkov.
19:34 of 3rd period - Shot Misses the Net.
19:36 of 3rd period - Snap shot by Johnny Gaudreau.
19:36 of 3rd period - Stopped by Antti Raanta with a rebound.
19:38 of 3rd period - Wrist shot by Johnny Gaudreau.
19:38 of 3rd period - Stopped by Antti Raanta with a rebound.
19:40 of 3rd period - Slapshot by Jay Bouwmeester.
19:40 of 3rd period - Shot Misses the Net.
Goals for this period are 1 for Avalanche vs 3 for Capitals.
Shots for this period are 12 for Avalanche vs 15 for Capitals.